 Dungeon Crawl Stone Soup version 0.31-a0-426-g3a05650e59 (webtiles) character file.

Game seed: 17275453787415317934

9 Jase the Ruffian (level 2, -5/23 HPs)
             Began as a Draconian Shapeshifter on July 31, 2023.
             Slain by Sigmund
             ... wielding a +0 scythe
              (9 damage)
             ... on level 2 of the Dungeon.
             The game lasted 00:01:00 (953 turns).

Jase the Ruffian (Draconian Shapeshifter)            Turns: 953, Time: 00:01:01

Health: -5/23      AC:  4    Str: 17    XL:     2   Next: 6%
Magic:  2/2        EV: 12    Int:  8    God:
Gold:   65         SH:  0    Dex: 11    Spells: 1/1 levels left

rFire   . .          .
                       - Unarmed
rCold   . . .        (no shield)
rNeg    . . .        (body armour unavailable)
rPois   .            (helmet currently unavailable)
rElec   .            (cloak currently unavailable)
rCorr   .            (gloves currently unavailable)
SInv    .            (boots currently unavailable)
Will    .....        (no amulet)
Stlth   +            (no ring)
HPRegen 0.23/turn    (no ring)
MPRegen 0.08/turn

%: no passive effects
@: beast-form
A: beast (slay +2), AC +4, unfitting armour, cold-blooded
a: Begin Untransformation


You were on level 2 of the Dungeon.
You were a hulking beast.
You visited 1 branch of the dungeon, and saw 2 of its levels.

You collected 65 gold pieces.

Inventory:

Armour
 h - a +2 hat
Jewellery
 i - a ring of ice
Talismans
 b - a beast talisman (active)
Scrolls
 c - 2 scrolls of identify {unknown}
 d - 3 scrolls of vulnerability {unknown}
 e - a scroll of noise {unknown}
 f - a scroll of poison {unknown}
Potions
 a - a potion of lignification
 g - a potion of ambrosia {unknown}


   Skills:
 - Level 1.1 Fighting
 - Level 1.7 Dodging
 + Level 3.3 Unarmed Combat
 + Level 3.2 Shapeshifting


You had one spell level left.
You didn't know any spells.
Your spell library was empty.

Dungeon Overview and Level Annotations

Branches:
Dungeon (2/15)

Altars:

Annotations:
D:2 Sigmund


Innate Abilities, Weirdness & Mutations

You are a hulking beast.
Your limbs bulge with bestial killing power. (Slay +2)
Your plain brown scales are hard. (AC +4)
You cannot fit into any form of body armour.
You are cold-blooded and may be slowed by cold attacks.


Message History

The endoplasm hits you.
You see here 14 gold pieces.
You hit the endoplasm.
The endoplasm is almost dead.
The endoplasm closely misses you.
You hit the endoplasm.
You kill the endoplasm!
You have reached level 2!
You now have 52 gold pieces (gained 14).
Found a ring mail.
You now have 62 gold pieces (gained 10).
You now have 65 gold pieces (gained 3).
An endoplasm comes into view.
The endoplasm quivers.
The endoplasm hits you but does no damage.
You hit the endoplasm but do no damage.
Your tail-slap misses the endoplasm.
The endoplasm freezes you.
You are frozen.
You hit the endoplasm.
The endoplasm is heavily wounded.
The endoplasm hits you but does no damage.
You punch the endoplasm!
You kill the endoplasm!
No target in view!
No target in view!
Sigmund the Dreaded comes into view.
He is wielding a +0 scythe.
Sigmund shouts!
Sigmund gestures wildly while chanting.
Sigmund flickers and vanishes!
Deactivating autopickup; reactivate with Ctrl-A.
No target in view!
No target in view!
A puff of flame appears from out of thin air!
The puff of flame hits you!
You hear some strange, mumbled words.
Something tries to affect you, but you resist.
Something hits you!
* * * LOW HITPOINT WARNING * * *
You hit something. Something hits you!
You die...

..##.............###
#.##..######.......###
#.#..................#
#.#...######[......#.#
#.#...########...###.#
#.....>...# #...# #.# ##
......###.# ##.## #.# ..
......# #.#####.####.#####.#
......# #.......h{.........#
#####.#########.####.####..#
#...........# #.# ..#
############# #.# ..# #.#
.{# #.. ..# ### ... ###


There were no monsters in sight!

Vanquished Creatures
  5 endoplasms
  A quokka (D:2)
  A ball python (D:1)
  A frilled lizard (D:1)
8 creatures vanquished.

Notes
Turn   | Place    | Note
-------+----------+-------------------------------------------
     0 | D:1      | Jase the Draconian Shapeshifter began the quest for the
                  | Orb.
     0 | D:1      | Reached XP level 1. HP: 16/16 MP: 1/1
   881 | D:2      | Reached XP level 2. HP: 20/23 MP: 2/2
   938 | D:2      | Noticed Sigmund
   953 | D:2      | Slain by Sigmund

Illustrated notes

Levels and vault maps discovered:
D:1:      psy_arrival_terrarium, layout_loops_ring, dk_noncrumbling_2,
          wander_ebering_terrifying_dragon_lair
D:2:      layout_loops_ring, minivault_4, uniq_robin, uniq_sigmund

Action                     || total
---------------------------++-------
  Melee: Unarmed           ||    20
         Tailslap          ||     1
 Armour: Skin              ||     6
  Dodge: Dodged            ||     6

Table legend: (Time is in decaauts)
 A = Elapsed time spent in this place.
 B = Non-inter-level travel time spent in this place.
 C = Inter-level travel time spent in this place.
 D = Time resting spent in this place.
 E = Time spent auto-exploring this place.
 F = Levels seen in this place.
 G = Mean time per level.
                   A        B        C        D        E       F      G
               +--------+--------+--------+--------+--------+-----+--------+
         Total |    951 |    861 |     90 |      0 |    779 |   2 |  475.5 |
       Dungeon |    951 |    861 |     90 |      0 |    779 |   2 |  475.5 |
               +--------+--------+--------+--------+--------+-----+--------+

Top non-repeatable levels by time:
     D:1: 850 daAuts
     D:2: 101 daAuts
